 Dungeon Crawl Stone Soup version 0.28-a0-1594-ga885d4b3d6 (webtiles) character file.

Game seed: 5010511109980550505

1679 issech the Cudgeller (level 8, -6/78 HPs)
             Began as a Troll Fighter on Jan 20, 2022.
             Succumbed to Edmund's poison
             ... on level 5 of the Dungeon.
             The game lasted 00:20:51 (4850 turns).

issech the Cudgeller (Troll Fighter)                Turns: 4850, Time: 00:20:52

Health: -6/78      AC:  6    Str: 25    XL:     8   Next: 70%
Magic:  7/7        EV:  9    Int:  4    God:
Gold:   363        SH:  8    Dex: 11    Spells: 7/7 levels left

rFire   . . .      SeeInvis +   z - +3 mace
rCold   . . .      Faith    .   c - +0 kite shield
rNeg    + . .      Spirit   .   y - +0 troll leather armour {Pargi}
rPois   .          Reflect  .   (helmet restricted)
rElec   .          Harm     .   C - scarf {+Inv}
rCorr   .          Rampage  .   (gloves unavailable)
Will    .....                   (boots unavailable)
Stlth   +.........              (no amulet)
HPRegen 1.83/turn               n - ring of positive energy
MPRegen 0.10/turn               w - ring of see invisible

@: lethally poisoned (-6 -> -29)
A: large, unfitting armour, claws 3, regeneration 1, shaggy fur 1, tough skin 1
a: Evoke Invisibility


You were on level 5 of the Dungeon.
You visited 1 branch of the dungeon, and saw 5 of its levels.

You collected 363 gold pieces.

Inventory:

Hand Weapons
 g - a +0 hunting sling
 m - a +3 dagger
 o - a +1 whip of electrocution
 t - a +0 mace
 v - a +0 shortbow
 z - a +3 mace (weapon)
 A - a +1 vorpal spear
Missiles
 b - 43 bolts
 h - 52 stones
 i - 168 arrows
 l - 58 sling bullets
 p - 8 poisoned darts
 s - 5 boomerangs (quivered)
Armour
 c - a +0 kite shield (worn)
 y - a +0 troll leather armour (worn) {Pargi}
 C - a scarf of invisibility (worn)
Magical Staves
 j - a staff of conjuration
Jewellery
 n - a ring of positive energy (left claw)
 w - a ring of see invisible (right claw)
 B - a ring of protection from cold
Scrolls
 d - a scroll of silence
 f - a scroll of torment
Potions
 a - 2 potions of attraction {unknown}
 e - 2 potions of brilliance
 k - 2 potions of berserk rage
 q - a potion of flight {unknown}
 r - 3 potions of curing
 u - a potion of resistance {unknown}
 x - a potion of degeneration {unknown}


   Skills:
 + Level 4.1 Fighting
 + Level 6.1 Maces & Flails
 + Level 0.7 Throwing
 + Level 1.3 Armour
 + Level 5.1 Dodging
 + Level 1.1 Stealth
 + Level 4.7 Shields


You had 7 spell levels left.
You didn't know any spells.
Your spell library was empty.

Dungeon Overview and Level Annotations

Branches:
Dungeon (5/15)             Temple (0/1) D:4

Altars:

Shops:
D:5 ![=?*

Annotations:
D:5 1 runed translucent door, Edmund; psuckher's ghost, weakling BaDe


Innate Abilities, Weirdness & Mutations

You are too large for most types of armour.
You have claws for hands.
Your natural rate of healing is unusually fast.
You are covered in fur. (AC +1)
You have tough skin. (AC +1)


Message History

You thump Edmund!
Edmund is lightly wounded.
Edmund barely misses you.
You hit Edmund but do no damage.
Edmund is lightly wounded.
You block Edmund's attack.
You sock Edmund!
Edmund is moderately wounded.
Edmund barely misses you.
You hit Edmund.
Edmund is heavily wounded.
Edmund hits you with a +0 dire flail of venom.
You are poisoned.
Edmund hits you with a +0 dire flail of venom!
You are more poisoned.
You hit Edmund.
Edmund is heavily wounded.
You feel extremely sick.
Edmund hits you with a +0 dire flail of venom.
You barely miss Edmund.
Edmund is heavily wounded.
You feel very sick.
Edmund hits you with a +0 dire flail of venom.
You are more poisoned.
You closely miss Edmund.
Edmund is heavily wounded.
You feel extremely sick.
Edmund hits you with a +0 dire flail of venom!
You are more poisoned.
You hit Edmund.
Edmund is heavily wounded.
* * * LOW HITPOINT WARNING * * *
You feel extremely sick. Edmund barely misses you.
Edmund hits you with a +0 dire flail of venom!
* * * LOW HITPOINT WARNING * * *
You are more poisoned.
* * * LOW HITPOINT WARNING * * *
You feel extremely sick.
You die...

..# #.#
########.####
............#
............#
............#
.......@....#
########.####
#@#
###.########
#..........#
#..........#
#.....∩....#
#..........#
#..........#
#..........#
#..........#


You could see Edmund.

Vanquished Creatures
  Grinder (D:5)
  Sigmund (D:2)
  Eustachio (D:5)
  Menkaure (D:4)
  Pargi (D:4)
  An ogre (D:5)
  2 necrophages
  A centaur (D:4)
  Blork the orc (D:4)
  2 scorpions
  A vampire bat (D:4)
  A jelly (D:4)
  2 hounds (D:5)
  Jessica (D:3)
  An iguana (D:4)
  Natasha (thrice) (D:2)
  Robin (D:3)
  2 gnolls
  6 adders
  A white imp (D:3)
  An ufetubus (D:5)
  2 worms
  5 dart slugs
  5 orcs
  15 bats
  8 endoplasms
  2 giant cockroaches (D:3)
  15 goblins
  9 hobgoblins
  A quokka (D:1)
  6 ball pythons
  6 frilled lizards
  4 kobolds
  3 rats
113 creatures vanquished.

Vanquished Creatures (others)
  2 plants (D:4)
2 creatures vanquished.

Grand Total: 115 creatures vanquished

Notes
Turn   | Place    | Note
-------+----------+-------------------------------------------
     0 | D:1      | issech the Troll Fighter began the quest for the Orb.
     0 | D:1      | Reached XP level 1. HP: 22/22 MP: 0/0
   124 | D:1      | Found a faded altar of an unknown god.
   126 | D:1      | Reached XP level 2. HP: 29/29 MP: 1/1
   250 | D:1      | Reached skill level 2 in Maces & Flails
   373 | D:1      | Reached XP level 3. HP: 36/36 MP: 2/2
   978 | D:2      | Noticed Natasha
  1019 | D:2      | Killed Natasha
  1020 | D:2      | Reached XP level 4. HP: 20/44 MP: 3/3
  1088 | D:2      | Noticed Natasha
  1115 | D:2      | Killed Natasha
  1161 | D:2      | Noticed Natasha
  1166 | D:2      | Killed Natasha
  1167 | D:2      | Reached skill level 3 in Maces & Flails
  1199 | D:2      | Noticed Sigmund
  1211 | D:2      | Killed Sigmund
  1212 | D:2      | Reached XP level 5. HP: 45/53 MP: 4/4
  1212 | D:2      | Reached XP level 6. HP: 51/61 MP: 5/5
  2525 | D:3      | Noticed Robin
  2530 | D:3      | Killed Robin
  2718 | D:3      | Noticed Jessica
  2725 | D:3      | Killed Jessica
  2726 | D:3      | Reached skill level 4 in Maces & Flails
  3098 | D:4      | Reached XP level 7. HP: 40/67 MP: 6/6
  3141 | D:4      | Noticed Menkaure
  3202 | D:4      | Killed Menkaure
  3433 | D:4      | Noticed Pargi
  3450 | D:4      | Killed Pargi
  3451 | D:4      | Reached skill level 1 in Stealth
  3521 | D:4      | Found a staircase to the Ecumenical Temple.
  3536 | D:4      | Reached skill level 5 in Maces & Flails
  3685 | D:4      | Reached XP level 8. HP: 31/78 MP: 7/7
  3831 | D:4      | Noticed Blork the orc
  3844 | D:4      | Killed Blork the orc
  4314 | D:5      | Entered Level 5 of the Dungeon
  4314 | D:5      | Noticed Grinder
  4314 | D:5      | Found Buetid's Jewellery Shoppe.
  4333 | D:5      | Killed Grinder
  4403 | D:5      | Found Ylimism's Armour Shoppe.
  4419 | D:5      | Found Taoh's Distillery.
  4518 | D:5      | Reached skill level 6 in Maces & Flails
  4518 | D:5      | Reached skill level 5 in Dodging
  4700 | D:5      | Found a runed translucent gate.
  4701 | D:5      | Noticed psuckher's ghost (weakling BaDe)
  4735 | D:5      | Noticed Eustachio
  4769 | D:5      | Killed Eustachio
  4770 | D:5      | Reached skill level 1 in Armour
  4800 | D:5      | Found Ymelitwe's Neck Hole.
  4801 | D:5      | Found Hekewoimp's Magic Scroll Emporium.
  4838 | D:5      | Noticed Edmund
  4849 | D:5      | HP: 1/78 [poisoned by Edmund]
  4850 | D:5      | Succumbed to Edmund's poison

Illustrated notes

Levels and vault maps discovered:
D:1:      erik_arrival_cave_to_civilisation [erik_arrival_cave_to_hall],
          layout_loops_ring, shapermc_ecumenical_altar_notcrosses
D:2:      layout_basic, uniq_natasha, uniq_sigmund
D:3:      layout_loops_corners, kennysheep_potato, uniq_jessica, uniq_robin
D:4:      kennysheep_six_static_rooms, layout_basic,
          minmay_temple_entry_gardened_gates, skrybe_limestone_x,
          roderic_batcave, uniq_pargi, uniq_menkaure, uniq_blork_the_orc
D:5:      lemuel_castle_with_subvaults [lemuel_castle_interior_original],
          layout_basic, biasface_ghost_orc_armoury, serial_shops, shop,
          nicolae_shop_advertising_works [nicolae_subvault_shop_adworks],
          nicolae_square_shop, shop_coins, nicolae_shop_sticking_my_neck_out,
          uniq_grinder, uniq_eustachio, uniq_edmund, uniq_prince_ribbit1

Skill      XL: |  1  2  3  4  5  6  7  8 |
---------------+-------------------------+-----
Maces & Flails | 2 3 4 5 6 |  6.1
Shields        | 3 4 |  4.7
Fighting       | 3 4 |  4.1
Dodging        | 3 4 5 |  5.1
Stealth        | 1 |  1.1
Armour         | 1 |  1.3
Throwing       | |  0.7

Action                   |  1- 3 |  4- 6 |  7- 9 || total
-------------------------+-------+-------+-------++-------
Melee: Flail             |    90 |    26 |       ||   116
       Whip              |       |   118 |    97 ||   215
       Mace              |       |       |   103 ||   103
Throw: Stone             |       |       |     5 ||     5
  Use: Potion            |       |     1 |       ||     1
       Scroll            |       |     9 |     1 ||    10
Armor: Robe              |    31 |    38 |    17 ||    86
       Skin              |       |       |    20 ||    20
       Troll leather arm |       |       |    27 ||    27
Dodge: Dodged            |    46 |    61 |    67 ||   174
Block: Kite shield       |    31 |    53 |    92 ||   176

Table legend: (Time is in decaauts)
 A = Elapsed time spent in this place.
 B = Non-inter-level travel time spent in this place.
 C = Inter-level travel time spent in this place.
 D = Time resting spent in this place.
 E = Time spent auto-exploring this place.
 F = Levels seen in this place.
 G = Mean time per level.
                   A        B        C        D        E       F      G
               +--------+--------+--------+--------+--------+-----+--------+
         Total |   4948 |   4876 |     72 |    210 |   2284 |   5 |  989.6 |
       Dungeon |   4948 |   4876 |     72 |    210 |   2284 |   5 |  989.6 |
               +--------+--------+--------+--------+--------+-----+--------+

Top non-repeatable levels by time:
     D:4: 1257 daAuts
     D:3: 1165 daAuts
     D:2: 1012 daAuts
     D:1: 960 daAuts
     D:5: 552 daAuts
